 Dungeon Crawl Stone Soup version 0.29.1-2-gbd0b4ee654 (webtiles) character file.

Game seed: 9273987735044231582

16 sanboga the Trooper (level 2, 24/24 HPs)
             Began as a Demonspawn Berserker on Nov 29, 2022.
             Was a Follower of Trog.
             Quit the game on level 1 of the Dungeon.
             The game lasted 00:00:40 (508 turns).

sanboga the Trooper (Demonspawn Berserker)           Turns: 508, Time: 00:00:41

Health: 24/24      AC:  8    Str: 17    XL:     2   Next: 41%
Magic:  2/2        EV:  7    Int:  8    God:    Trog [*.....]
Gold:   14         SH:  0    Dex: 12    Spells: 1/1 levels left

rFire   . . .      SeeInvis .     - Unarmed
rCold   . . .      Faith    .   (no shield)
rNeg    . . .      Spirit   .   c - +0 chain mail
rPois   .          Reflect  .   (no helmet)
rElec   .          Harm     .   (no cloak)
rCorr   .          Rampage  .   (no gloves)
Will    .....                   (no boots)
Stlth   ..........              (no amulet)
HPRegen 0.08/turn               (no ring)
MPRegen 0.08/turn               (no ring)

@: no status effects
A: ignite blood 1
a: Renounce Religion, Berserk


You were on level 1 of the Dungeon.
You worshipped Trog.
Trog was aware of your devotion.
You visited 1 branch of the dungeon, and saw 1 of its levels.

You collected 14 gold pieces.

Inventory:

Armour
 c - a +0 chain mail (worn)
Scrolls
 a - a scroll of enchant weapon {unknown}
 b - a scroll of butterflies {unknown}
 e - a scroll of enchant armour {unknown}
Potions
 d - a potion of might {unknown}


   Skills:
 + Level 3.2 Fighting
 + Level 2.1 Armour
 - Level 1.7 Dodging
 * Level 3.1 Unarmed Combat


You had one spell level left.
You didn't know any spells.
Your spell library was empty.

Dungeon Overview and Level Annotations

Branches:
Dungeon (1/15)

Altars:


Innate Abilities, Weirdness & Mutations

Your demonic aura sometimes causes spilled blood to erupt in flames.


Message History

You kill the ball python!
Trog accepts your kill.
An endoplasm comes into view.
You see here a ball python corpse.
The endoplasm quivers.
A kobold comes into view. It is wielding a +0 dagger.
The kobold barely misses you.
You hit the kobold but do no damage. The kobold barely misses you.
You punch the kobold!
You kill the kobold!
Trog accepts your kill.
The kobold throws a stone.
The stone barely misses you.
Things that are here:
a +0 club; a kobold corpse You hit the endoplasm.
The endoplasm is severely wounded.
The endoplasm hits you but does no damage.
You hit the endoplasm.
You kill the endoplasm!
Trog accepts your kill. The kobold hits you but does no damage.
You barely miss the kobold. The kobold closely misses you.
You hit the kobold but do no damage. The kobold hits you but does no damage.
You hit the kobold.
The kobold is heavily wounded.
You hit the kobold.
You kill the kobold!
Trog accepts your kill.
No target in view!
No target in view!
No target in view!
No target in view!
No target in view!
No target in view!
e - a scroll labelled SICACO FEXTIERU
Found a long sword.
A goblin comes into view. It is wielding a +0 dagger.
The goblin shouts!
A goblin is nearby!
Are you sure you want to abandon this character and quit the game? (Confirm with "yes".)

#.....#.#### #...##
#.....#....####..... .
#.....##.....##...##
#.###.....##.)....#...##
...#.....##..).†...#...
##..............#..#.#.
# ....##....####....#.#.
#.).#..#.......#.##.#.#.
.......@.......#.#..#.#.
#....g##.....#...#......
..... #####.#...##....[
###. #.#.#.......÷ ..
#.#...#...... ##
#.#...#.#....
#........#...
#.#....###... .....#
#...


You could see a goblin.

Vanquished Creatures
  A ball python (D:1)
  2 endoplasms (D:1)
  A giant cockroach (D:1)
  A goblin (D:1)
  2 hobgoblins (D:1)
  2 bats (D:1)
  5 kobolds (D:1)
  A rat (D:1)
15 creatures vanquished.

Notes
Turn   | Place    | Note
-------+----------+-------------------------------------------
     0 | D:1      | sanboga the Demonspawn Berserker began the quest for the
                  | Orb.
     0 | D:1      | Reached XP level 1. HP: 18/18 MP: 1/1
   187 | D:1      | Gained mutation: Your demonic aura sometimes causes spilled
                  | blood to erupt in flames. [demonic ancestry]
   187 | D:1      | Reached XP level 2. HP: 18/24 MP: 2/2
   508 | D:1      | Quit the game

Illustrated notes

Levels and vault maps discovered:
D:1:      wander_arrival_desolate, layout_basic,
          hellmonk_ecumenical_altar_crossroads, minmay_misc_feat_ornament,
          hangedman_glass_teeth, st_stairs_6

Skill      XL: |  1 |
---------------+----+-----
Armour         | 2 |  2.1
Unarmed Combat | 3 |  3.1
Fighting       | |  3.2
Dodging        | |  1.7

Action                   || total
-------------------------++-------
Melee: Unarmed           ||    39
       Punch             ||     1
Armor: Animal skin       ||     1
       Chain mail        ||     6
Dodge: Dodged            ||    19
